 Dungeon Crawl Stone Soup version 0.20-a0-513-g02c11fc (webtiles) character file.

2004 Kaname the Poker (level 9, 45/45 HPs)
             Began as a Demonspawn Skald on Jan 23, 2017.
             Was an Initiate of Vehumet.
             Quit the game on level 7 of the Dungeon.
             The game lasted 00:25:03 (8723 turns).

Kaname the Poker (Demonspawn Skald)                 Turns: 8723, Time: 00:25:04

Health: 45/45      AC:  9    Str: 12    XL:     9   Next: 2%
Magic:  13/13      EV: 12    Int: 17    God:    Vehumet [......]
Gold:   59         SH:  0    Dex: 13    Spells: 6/14 levels left

rFire    + . .     SeeInvis .   a - +0 spear
rCold    + . .     Gourm    +   g - +3 leather armour {rPois}
rNeg     . . .     Faith    .   (no shield)
rPois    +         Spirit   +   (helmet restricted)
rElec    +         Reflect  .   D - +0 cloak
rCorr    .         Harm     .   (no gloves)
MR       +....                  (no boots)
Stlth    +.........             w - amulet of the gourmand
Regen    0.2/turn               (no ring)
                                E - ring of protection from magic

@: no status effects
A: horns 2, thin metallic scales 1, cold resistance 1, deterioration 1, fire
resistance 1, frail 3, electricity resistance, wild magic 1, evolution 1, magic
shield, magic regeneration, flame cloud immunity, MP-powered wands
a: Renounce Religion


You were on level 7 of the Dungeon.
You worshipped Vehumet.
Vehumet was noncommittal.
You were hungry.

You visited 2 branches of the dungeon, and saw 8 of its levels.
You also visited: Sewer.

You collected 283 gold pieces.
You spent 224 gold pieces at shops.

Inventory:

Hand Weapons
 a - a +0 spear (weapon)
 r - a +0 blowgun
Missiles
 h - 13 poisoned needles
 s - 4 curare-tipped needles
 I - 2 throwing nets (quivered)
Armour
 g - a +3 leather armour of poison resistance (worn)
 D - a +0 cloak (worn)
Jewellery
 w - an amulet of the gourmand (around neck)
 E - a ring of protection from magic (left hand)
Wands
 A - a wand of disintegration (9/24)
Scrolls
 b - 3 scrolls of remove curse
 n - 2 scrolls of recharging
 p - 2 scrolls of amnesia
 t - 3 scrolls of immolation
 x - a scroll of blinking {unknown}
 y - a scroll of fog {unknown}
 z - a scroll of teleportation
 C - a scroll of noise {unknown}
 G - a scroll of magic mapping {unknown}
Potions
 e - 2 potions of resistance {unknown}
 f - a potion of flight
 i - 2 potions of lignification
 j - 2 potions of berserk rage
 k - a potion of invisibility {unknown}
 l - 3 potions of curing
 m - 5 potions of brilliance
 o - a potion of agility
 u - 3 potions of degeneration
 v - a potion of might {unknown}
 B - a potion of heal wounds
 H - a potion of cure mutation {unknown}
Books
 c - a book of Battle

   Spells                             Type                      Level
   a - Infusion                       Charms                       1
   b - Shroud of Golubria             Charms/Translocation         2
   c - Song of Slaying                Charms                       2
   d - Spectral Weapon                Hexes/Charms                 3
   e - Regeneration                   Charms/Necromancy            3
Comestibles
 d - 9 bread rations
 q - 5 meat rations
 F - a royal jelly


   Skills:
 - Level 4.1 Fighting
 + Level 7.4 Polearms
 - Level 0.8 Armour
 - Level 1.7 Dodging
 - Level 3.2 Spellcasting
 - Level 4.1 Hexes
 - Level 6.0 Charms


You had 6 spell levels left.
You knew the following spells:

 Your Spells              Type           Power        Failure   Level  Hunger
a - Infusion              Chrm           ####         3%          1    None
b - Song of Slaying       Chrm           ####....     6%          2    ##.....
c - Shroud of Golubria    Chrm/Tloc      ###.......   17%         2    ##.....
e - Spectral Weapon       Hex/Chrm       ####....     17%         3    ###....


Dungeon Overview and Level Annotations

Branches:
Dungeon (7/15)             Temple (1/1) D:5

Altars:
Cheibriados
Elyvilon
Fedhas
Gozag
Kikubaaqudgha
Makhleb
Okawaru
Qazlal
Sif Muna
Trog
Uskayaw
Vehumet
Zin

Shops:
D:5 !*[[[   D:6 [


Innate Abilities, Weirdness & Mutations

You have a pair of horns on your head.
You are partially covered in thin metallic scales. (AC +2)
Your flesh is heat resistant. (rF+)
When hurt, damage is shared between your health and your magic reserves.
You regenerate magic rapidly.
You are immune to clouds of flame.
Your flesh is cold resistant. (rC+)
Your body sometimes deteriorates upon taking damage.
You are extremely frail. (-30% HP)
You are resistant to electric shocks. (rElec)
Your spells are a little harder to cast, but a little more powerful.
You evolve.
You expend magic power (3 MP) to strengthen your wands.


Message History

You see here 5 mutagenic chunks of flesh.
J - 5 mutagenic chunks of flesh You eat one of the 5 mutagenic chunks of flesh.
This meat tastes really weird.
You feel frail.
You eat one of the 4 mutagenic chunks of flesh.
This meat tastes really weird.
You feel insulated.
You eat one of the 3 mutagenic chunks of flesh.
This meat tastes really weird.
You feel your magical essence link to your wands.
You eat one of the 2 mutagenic chunks of flesh.
This meat tastes really weird.
You feel less in control of your magic.
You eat the mutagenic chunk of flesh.
This meat tastes really weird.
You feel resistant to cold.
Okay, then.
Unknown command.
Unknown command.
Are you sure you want to abandon this character and quit the game? (Confirm with "yes".)

######### #.......#
### #@# ##.##
#.###(####...##
#............########
#.###.####............
#.# ##.#...###### ...
##.....# #### ##...##
##.## #.#


You could see a friendly spectral spear.

Vanquished Creatures
  Prince Ribbit (D:5)
  A hungry ghost (D:7)
  A sky beast (D:7)
  A phantom (D:6)
  Purgy (Sewer)
  4 ogres
  A centaur (D:5)
  A big kobold (D:7)
  Blork the orc (D:5)
  2 bullfrogs
  A scorpion (D:5)
  A howler monkey (D:4)
  2 crimson imps
  A centaur skeleton (D:5)
  A hound (D:5)
  Crazy Yiuf (D:5)
  2 orc priests
  4 orc wizards
  A bullfrog skeleton (D:4)
  5 worker ants
  A killer bee zombie (D:5)
  A hound skeleton (D:3)
  3 adders
  A gnoll (D:1)
  An ooze (D:3)
  2 adder skeletons (D:5)
  2 worms
  2 dart slugs
  2 leopard geckos
  20 orcs
  5 giant cockroaches
  4 goblins
  8 hobgoblins
  4 jackals (D:5)
  16 kobolds
  2 quokkas
  11 bats
  8 frilled lizards
  A leopard gecko skeleton (D:5)
  A quokka skeleton (D:6)
  5 rats
133 creatures vanquished.

Notes
Turn   | Place    | Note
-------+----------+-------------------------------------------
     0 | D:1      | Kaname the Demonspawn Skald began the quest for the Orb.
     0 | D:1      | Reached XP level 1. HP: 16/16 MP: 3/3
    23 | D:1      | Reached skill level 2 in Polearms
   265 | D:1      | Gained mutation: When hurt, damage is shared between your health and your magic reserves. [demonic ancestry]
   265 | D:1      | Reached XP level 2. HP: 11/22 MP: 0/5
   280 | D:1      | Learned a level 2 spell: Song of Slaying
   835 | D:1      | Learned a level 2 spell: Shroud of Golubria
  1094 | D:1      | Reached XP level 3. HP: 27/27 MP: 6/6
  2527 | D:3      | Gained mutation: You have a pair of small horns on your head. [demonic ancestry]
  2527 | D:3      | Reached XP level 4. HP: 28/33 MP: 4/7
  2666 | D:3      | Reached skill level 3 in Polearms
  3659 | D:3      | Gained mutation: Your flesh is heat resistant. (rF+) [demonic ancestry]
  3659 | D:3      | Reached XP level 5. HP: 32/38 MP: 5/8
  3890 | D:4      | Reached skill level 4 in Polearms
  3895 | D:4      | Learned a level 3 spell: Regeneration
  4656 | D:4      | Gained mutation: You regenerate magic rapidly. [demonic ancestry]
  4656 | D:4      | Reached XP level 6. HP: 30/44 MP: 5/10
  4938 | D:4      | Learned a level 3 spell: Spectral Weapon
  4976 | D:4      | Reached skill level 1 in Hexes
  5428 | D:5      | Entered Level 5 of the Dungeon
  5433 | D:5      | Found Edicwin's Antique Armour Shoppe.
  5448 | D:5      | Found Vuifyph's General Store.
  5504 | D:5      | Found a glowing drain.
  5509 | Sewer    | Entered a sewer
  5653 | Sewer    | Noticed Purgy
  5660 | Sewer    | Killed Purgy
  5660 | Sewer    | Gained mutation: You have a pair of horns on your head. [demonic ancestry]
  5660 | Sewer    | Reached XP level 7. HP: 52/52 MP: 3/11
  5804 | D:5      | Found Uruw's Armour Shop.
  6107 | D:5      | Found Yquts's Antique Armour Emporium.
  6137 | D:5      | Noticed Prince Ribbit
  6478 | D:5      | Killed Prince Ribbit
  6478 | D:5      | Reached skill level 5 in Charms
  6478 | D:5      | Gained mutation: You are immune to clouds of flame. [demonic ancestry]
  6478 | D:5      | Reached XP level 8. HP: 16/60 MP: 1/12
  6786 | D:5      | Found Poifuetu's Distillery.
  6791 | D:5      | Bought a potion of curing for 42 gold pieces
  6791 | D:5      | Bought a potion of mutation for 35 gold pieces
  6791 | D:5      | Bought a potion of heal wounds for 70 gold pieces
  6791 | D:5      | Bought a potion of mutation for 35 gold pieces
  6791 | D:5      | Bought a potion of lignification for 42 gold pieces
  6791 | D:5      | Gained mutation: Your magical capacity is low. (-10% MP) [potion of mutation]
  6791 | D:5      | Gained mutation: You evolve. [potion of mutation]
  6791 | D:5      | Lost mutation: Your magical capacity is low. (-10% MP) [potion of mutation]
  6792 | D:5      | Gained mutation: You are frail. (-10% HP) [potion of mutation]
  6792 | D:5      | Gained mutation: You are very frail. (-20% HP) [potion of mutation]
  6792 | D:5      | Gained mutation: Your body sometimes deteriorates upon taking damage. [potion of mutation]
  6927 | D:5      | Found a staircase to the Ecumenical Temple.
  6973 | D:5      | Found a runed door.
  6973 | D:5      | Noticed Blork the orc
  6989 | D:5      | Killed Blork the orc
  7024 | D:5      | Noticed Crazy Yiuf
  7033 | D:5      | Killed Crazy Yiuf
  7252 | D:5      | Reached skill level 5 in Polearms
  7353 | Temple   | Entered the Ecumenical Temple
  7375 | Temple   | Became a worshipper of Vehumet
  7647 | D:6      | Found Ygos's Antique Armour Shoppe.
  8333 | D:7      | Reached skill level 6 in Polearms
  8658 | D:7      | Reached skill level 7 in Polearms
  8713 | D:7      | Gained mutation: You are partially covered in thin metallic scales. (AC +2) [demonic ancestry]
  8713 | D:7      | Reached XP level 9. HP: 45/52 MP: 11/13
  8718 | D:7      | Gained mutation: You are extremely frail. (-30% HP) [mutagenic meat]
  8719 | D:7      | Gained mutation: You are resistant to electric shocks. (rElec) [mutagenic meat]
  8720 | D:7      | Gained mutation: You expend magic power (3 MP) to strengthen your wands. [mutagenic meat]
  8721 | D:7      | Gained mutation: Your spells are a little harder to cast, but a little more powerful. [mutagenic meat]
  8722 | D:7      | Gained mutation: Your flesh is cold resistant. (rC+) [mutagenic meat]
  8723 | D:7      | Quit the game

Vault maps used:
D:1:      dpeg_arrival_tiny_a, minmay_unequal
D:2:      first_bread
D:5:      serial_shops, shop, kennysheep_little_box, shop, shop, shop,
          lightli_sewer_entry_pipes, kennysheep_generic_room_6,
          uniq_prince_ribbit1, uniq_crazy_yiuf_cottage, uniq_blork_the_orc
D:6:      serial_shops, shop, serial_curves, eino_curves_03, eino_curves_03,
          eino_curves_02, eino_curves_03
D:7:      grunt_ogre_cave, hex_large, minivault_4, st_stairs_6
Temple:   nicolae_temple_the_god_donut
Sewer:    kennysheep_door_sewer

Skill      XL: |  1  2  3  4  5  6  7  8 |
---------------+-------------------------+-----
Polearms       | 2 3 4 7 |  7.4
Charms         | 3 4 5 6 |  6.0
Spellcasting   | 3 |  3.2
Hexes          | 3 4 |  4.1
Fighting       | 3 4 |  4.1
Armour         | |  0.8
Dodging        | |  1.7

Action                   |  1- 3 |  4- 6 |  7- 9 || total
-------------------------+-------+-------+-------++-------
Melee: Spear             |   199 |   174 |   286 ||   659
       Headbutt          |       |    25 |    45 ||    70
 Cast: Infusion          |     3 |    12 |     8 ||    23
       Song of Slaying   |     2 |     2 |     2 ||     6
       Spectral Weapon   |       |     1 |    11 ||    12
  Use: Scroll            |     2 |     9 |     3 ||    14
       Potion            |       |     2 |     4 ||     6
 Stab: Sleeping          |     2 |     4 |       ||     6
       Distracted        |     1 |       |     1 ||     2
  Eat: Chunk             |     5 |     8 |    23 ||    36
       Bread ration      |       |     1 |       ||     1
Armor: Leather armour    |     8 |    10 |    88 ||   106
       Robe              |    27 |     4 |       ||    31
Dodge: Dodged            |   103 |    68 |   119 ||   290
